 Dungeon Crawl Stone Soup version 0.15.2 (webtiles) character file.

39 bullock the Magician (level 3, -2/21 HPs)
             Began as an Octopode Wizard on Nov 29, 2014.
             Slain by a hobgoblin
             ... wielding a +0 club
              (3 damage)
             ... on Level 1 of the Dungeon.
             The game lasted 00:04:28 (1598 turns).

bullock the Magician (Octopode Wizard)              Turns: 1598, Time: 00:04:28

HP  -2/21        AC  1     Str  4      XL: 3   Next: 47%
MP   0/8         EV 12     Int 21      God:
Gold 66          SH  0     Dex 12      Spells:  4 memorised,  0 levels left

rFire  . . .     SeeInvis .     (no weapon)
rCold  . . .     Clarity  .     (no shield)
rNeg   . . .     rCorr    .     b - +0 hat
rPois  .         rRot     .     (no amulet)
rElec  .         Spirit   .     (no ring)
SustAb .         Warding  .     (no ring)
rMut   .         Stasis   .     (no ring)
Gourm  .                        (no ring)
MR     .....                    (no ring)
                                (no ring)
                                (no ring)
                                (no ring)

@: very slightly contaminated, repel missiles, drained, not resistant to hostile
enchantments, fairly stealthy
A: almost no armour, amphibious, 8 rings, constrict 8, camouflage 1, agile 1,
weak 1, gelatinous body 1
a: no special abilities


You were on level 1 of the Dungeon.
You were very hungry.

You visited 1 branch of the dungeon, and saw 1 of its levels.

You collected 66 gold pieces.

Inventory:

Armour
 b - a +0 hat (worn)
Comestibles
 a - 2 meat rations
 d - a bread ration
Scrolls
 e - a scroll of recharging {unknown}
 f - a scroll of teleportation {unknown}
 g - 2 scrolls of identify {unknown}
 j - a scroll of amnesia {unknown}
Potions
 h - 2 potions of curing {unknown}
 i - 2 potions of mutation {unknown}
Books
 c - a book of Minor Magic

   Spells                             Type                      Level
   *Magic Dart                        Conjuration                  1
   *Blink                             Translocation                2
   Call Imp                           Summoning                    2
   *Repel Missiles                    Charms/Air                   2
   Slow                               Hexes                        2
   *Conjure Flame                     Conjuration/Fire             3
   Mephitic Cloud                     Conjuration/Poison/Air       3


   Skills:
 - Level 2.0(1.6) Dodging
 - Level 2.6(2.2) Stealth
 + Level 3.4(3.0) Spellcasting
 * Level 2.6(2.2) Conjurations
   Level 1.0(0.6) Summonings
 - Level 1.0(0.6) Translocations


You couldn't memorise any spells.
You knew the following spells:

 Your Spells              Type           Power        Failure   Level  Hunger
a - Magic Dart            Conj           ##..         8%          1    None
f - Conjure Flame         Conj/Fire      #.......     30%         3    ###....
q - Blink                 Tloc           N/A          17%         2    ##.....
v - Repel Missiles        Chrm/Air       #.....       21%         2    ##.....


Dungeon Overview and Level Annotations

Branches:
Dungeon (1/15)

Altars:


Innate Abilities, Weirdness & Mutations

You cannot wear most types of armour.
You are amphibious.
You can wear up to eight rings at the same time.
You can use your tentacles to constrict many enemies at once.
Your skin changes colour to match your surroundings (Stealth).
Your rubbery body absorbs attacks (AC +1).
You are agile. (Dex +2)
You are weak. (Str -2)


Message History

Casting: Blink
Confirm with . or Enter, or press ? or * to list all spells.
Aiming: Magic Dart
Press: ? - help, Shift-Dir - straight line, f - hobgoblin
Aim: a hobgoblin, wielding a club (moderately wounded, held by you)
The magic dart hits the hobgoblin.
The hobgoblin is heavily wounded.
You constrict the hobgoblin, but do no damage.
You are feeling very hungry.
The hobgoblin barely misses you.
Casting: Magic Dart
Confirm with . or Enter, or press ? or * to list all spells.
You don't have enough magic to cast that spell.
Unknown command.
You tentacle-slap the hobgoblin.
You squeeze the hobgoblin, but do no damage.
The hobgoblin is severely wounded.
You constrict the hobgoblin, but do no damage.
The hobgoblin hits you with a club.
You die...

############### ###
#..g@.........# #..
##.##########.# #..
#.####....##.# #..
#....#.%..##'#####..
####.#..............
#.#....#.........
#.#.####.........
#.#.#####..####..
#.#.#.........(..


You could see a hobgoblin.

Vanquished Creatures
  An adder (D:1)
  5 bats (D:1)
  3 giant cockroaches (D:1)
  A goblin (D:1)
  3 hobgoblins (D:1)
  3 jackals (D:1)
  5 kobolds (D:1)
  A ball python (D:1)
  A giant gecko (D:1)
  2 giant newts (D:1)
  3 rats (D:1)
28 creatures vanquished.

Notes
Turn   | Place    | Note
--------------------------------------------------------------
     0 | D:1      | bullock, the Octopode Wizard, began the quest for the Orb.
     0 | D:1      | Reached XP level 1. HP: 11/11 MP: 4/4
   167 | D:1      | Reached XP level 2. HP: 17/17 MP: 1/6
   219 | D:1      | Learned a level 2 spell: Blink
   222 | D:1      | Learned a level 2 spell: Repel Missiles
   793 | D:1      | Reached XP level 3. HP: 16/21 MP: 0/8
   982 | D:1      | Learned a level 3 spell: Conjure Flame
  1098 | D:1      | Gained mutation: You are agile. (Dex +2) [mutagenic glow]
  1137 | D:1      | Gained mutation: You are weak. (Str -2) [mutagenic glow]
  1596 | D:1      | HP: 1/21 [hobgoblin/club (5)]
  1598 | D:1      | Slain by a hobgoblin

Action                   || total
-------------------------++-------
Melee: Unarmed           ||    19
 Cast: Magic Dart        ||    77
       Repel Missiles    ||     2
  Eat: Chunk             ||     1
